 Dungeon Crawl Stone Soup version 0.20-a0-681-gf83e07f (webtiles) character file.

15759 polly the Basher (level 12, 0/76 HPs)
             Began as a Gargoyle Fighter on Feb 18, 2017.
             Was a High Priest of Okawaru.
             Killed from afar by Josephine (13 damage)
             ... with a ghostly fireball
             ... on level 11 of the Dungeon.
             The game lasted 00:15:30 (11282 turns).

polly the Basher (Gargoyle Fighter)                Turns: 11282, Time: 00:15:30

Health: 0/76       AC: 27    Str: 32    XL:     12   Next: 30%
Magic:  12/12      EV:  8    Int:  9    God:    Okawaru [*****.]
Gold:   401        SH: 12    Dex: 10    Spells: 11/11 levels left

rFire    . . .     SeeInvis .   Q - +2 morningstar
rCold    . . .     Gourm    .   v - +0 chain mail
rNeg     + . .     Faith    +   c - +0 shield
rPois    ∞         Spirit   .   h - +0 helmet
rElec    +         Reflect  .   H - +1 cloak {MR+}
rCorr    +         Harm     .   T - +2 pair of gloves {Str+3}
MR       +....                  F - +0 pair of boots {Stlth+}
Stlth    ..........             x - amulet of faith
Regen    0.3/turn               J - ring of resist corrosion
MPRegen  0.2/turn               n - +4 ring of slaying

@: mighty, very slightly contaminated, hasted and slowed, heavily drained
A: negative energy resistance 1, electricity resistance, unbreathing,
petrification resistance, rot immunity, AC +8
a: Heroism, Finesse, Renounce Religion


You were on level 11 of the Dungeon.
You worshipped Okawaru.
Okawaru was extremely pleased with you.
You were hungry.

You visited 3 branches of the dungeon, and saw 13 of its levels.

You collected 671 gold pieces.
You spent 270 gold pieces at shops.

Inventory:

Hand Weapons
 Q - a +2 morningstar (weapon)
Armour
 c - a +0 shield (worn)
 h - a +0 helmet (worn)
 v - a +0 chain mail (worn)
 F - a +0 pair of boots of stealth (worn)
 H - a +1 cloak of magic resistance (worn)
 T - a +2 pair of gloves of strength (worn)
Jewellery
 n - a +4 ring of slaying (left hand)
 x - an amulet of faith (around neck)
 J - a ring of resist corrosion (right hand)
Wands
 y - a wand of digging (11/24)
 L - a wand of enslavement (13/24)
 M - a wand of random effects (32/48)
 V - a wand of digging (3/24)
Scrolls
 a - a scroll of silence {unknown}
 e - 3 scrolls of amnesia {unknown}
 g - 4 scrolls of teleportation {unknown}
 j - 6 scrolls of remove curse {unknown}
 k - 12 scrolls of identify {unknown}
 m - 3 scrolls of blinking {unknown}
 r - a scroll of fog {unknown}
 u - 6 scrolls of magic mapping {unknown}
 w - 2 scrolls of noise {unknown}
 A - 2 scrolls of recharging {unknown}
 E - a scroll of enchant weapon {unknown}
 I - 2 scrolls of random uselessness {unknown}
 N - a scroll of enchant armour {unknown}
Potions
 b - a potion of degeneration {unknown}
 d - a potion of might
 i - 3 potions of curing
 l - 7 potions of haste
 p - 6 potions of lignification {unknown}
 q - 2 potions of cancellation {unknown}
 t - 3 potions of heal wounds {unknown}
 B - 3 potions of agility
 C - 2 potions of ambrosia {unknown}
 D - a potion of flight {unknown}
 K - a potion of magic {unknown}
 O - a potion of brilliance {unknown}
 R - a potion of mutation {unknown}
Books
 z - a book of Minor Magic

   Spells                             Type                      Level
   a - Magic Dart                     Conjuration                  1
   b - Blink                          Translocation                2
   c - Call Imp                       Summoning                    2
   d - Slow                           Hexes                        2
   e - Conjure Flame                  Conjuration/Fire             3
   f - Mephitic Cloud                 Conjuration/Poison/Air       3
 P - a book of Geomancy

   Spells                             Type                      Level
   a - Sandblast                      Earth                        1
   b - Passwall                       Transmutation/Earth          2
   c - Stone Arrow                    Conjuration/Earth            3
   d - Petrify                        Transmutation/Earth          4
   e - Lee's Rapid Deconstruction     Earth                        5
 S - a book of Enchantments

   Spells                             Type                      Level
   a - Cause Fear                     Hexes                        4
   b - Yara's Violent Unravelling     Hexes/Transmutation          5
   c - Silence                        Hexes/Air                    5
   d - Deflect Missiles               Charms/Air                   6
   e - Discord                        Hexes                        8
Comestibles
 f - 3 bread rations
 o - 7 meat rations
 s - 15 fruits
 G - 9 royal jellies


   Skills:
 + Level 9.2(7.6) Fighting
 + Level 13.0(11.2) Maces & Flails
 + Level 9.0(7.4) Armour
 + Level 3.5(2.1) Dodging
 + Level 1.3(0.0) Stealth
 + Level 10.2(8.5) Shields


You had 11 spell levels left.
You didn't know any spells.

Dungeon Overview and Level Annotations

Branches:
Dungeon (11/15)            Temple (1/1) D:4            Lair (0/6) D:11
    Orc (1/2) D:9

Altars:
Ashenzari
Cheibriados
Dithmenos
Elyvilon
Fedhas
Gozag
Hepliaklqana
Kikubaaqudgha
Makhleb
Nemelex Xobeh
Okawaru
Qazlal
Ru
Sif Muna
Trog
Uskayaw
Vehumet
Xom
Yredelemnul
Zin
The Shining One

Shops:
D:5 *   D:6 [

Annotations:
D:11 Josephine


Innate Abilities, Weirdness & Mutations

You are resistant to torment.
Your stone body is resilient. (AC +8)
You are immune to poison.
You resist negative energy. (rN+)
You are resistant to electric shocks. (rElec)
You can survive without breathing.
You are immune to petrification.
You are immune to rotting.


Message History

* * * LOW HITPOINT WARNING * * *
The wraith drains your vigour!
You feel as though you will be slow longer.
The wraith closely misses you. You block the wraith's attack.
You closely miss the wraith.
The wraith is almost destroyed.
Something hits you but does no damage. The wraith hits you!
* * * LOW HITPOINT WARNING * * *
The wraith hits you but does no damage. The wraith closely misses you.
You puncture the wraith!
You destroy the wraith!
Okawaru accepts your kill.
Your base Maces & Flails skill increases to level 13!
Something hits you but does no damage. The wraith hits you but does no damage.
You impale something!!
You hear some strange, mumbled words.
A ghostly fireball appears from out of thin air!
The ghostly flame explodes!
The ghostly fireball engulfs you! You partially resist.
You feel drained.
You die...

#.........#######...........
#...........................
#......>............###.....
######...................# #....#
..............#########..# #....#
..............# #..# #....#
..............# #..###....#
..............#########.........#
.........##....{@...............#
.........##....WWW..............#
.........##.....................#
.........##....#######....##....#
... ....... .........# .........
......... .......... .........
########## #########


You could see 3 wraiths.

Vanquished Creatures
  Fannar (D:10)
  A hydra (D:8)
  Erica (D:11)
  A two-headed ogre (D:8)
  The ghost of mg7810 the Cleaver, a novice HOFi (D:6)
  Pikel (D:9)
  3 centaur zombies (D:11)
  2 trolls (D:10)
  2 dream sheep (D:8)
  4 hippogriffs
  A wyvern (D:10)
  A vampire (D:10)
  2 wraiths (D:11)
  6 humans (D:9)
  14 yaks
  A steam dragon (D:10)
  Menkaure (D:6)
  A water moccasin (D:10)
  An orc warrior (D:8)
  A black bear (D:10)
  4 ice beasts
  6 phantoms
  A sky beast (D:8)
  4 ogres
  A necrophage (D:10)
  3 centaurs
  6 bullfrogs
  6 big kobolds
  A wyvern skeleton (D:10)
  2 scorpions
  7 killer bees
  9 wights
  2 howler monkeys (D:6)
  4 crimson imps
  2 bullfrog zombies
  8 orc priests
  15 orc wizards
  Crazy Yiuf (D:6)
  6 hounds
  3 jellies
  2 bullfrog skeletons
  3 centaur skeletons
  Ijyb (D:3)
  4 iguanas
  5 worker ants
  Natasha (twice) (D:3)
  6 ogre zombies (D:9)
  2 hound skeletons
  9 adders
  7 gnolls
  2 shadow imps (D:8)
  An adder zombie (D:6)
  A worm (D:2)
  6 leopard geckos
  41 orcs
  12 bats
  6 giant cockroaches
  9 goblins
  6 hobgoblins
  3 jackals (D:2)
  13 kobolds
  2 quokkas
  A ball python (D:1)
  6 frilled lizards
  A goblin skeleton (D:9)
  4 goblin zombies (D:9)
  A hobgoblin skeleton (D:9)
  3 hobgoblin zombies (D:9)
  A leopard gecko skeleton (D:8)
  3 orc skeletons (D:9)
  7 orc zombies (D:9)
  9 rats
  A butterfly (D:8)
317 creatures vanquished.

Vanquished Creatures (others)
  A wizard (D:5)
1 creature vanquished.

Grand Total: 318 creatures vanquished

Notes
Turn   | Place    | Note
-------+----------+-------------------------------------------
     0 | D:1      | polly the Gargoyle Fighter began the quest for the Orb.
     0 | D:1      | Reached XP level 1. HP: 14/14 MP: 1/1
    97 | D:1      | Reached XP level 2. HP: 19/19 MP: 2/2
   451 | D:1      | Reached XP level 3. HP: 24/24 MP: 3/3
  1087 | D:2      | Found a hide-covered altar of Uskayaw.
  1159 | D:2      | Reached skill level 3 in Maces & Flails
  1159 | D:2      | Reached XP level 4. HP: 20/29 MP: 4/4
  1549 | D:2      | Found a sacrificial altar of Ru.
  1698 | D:3      | Reached XP level 5. HP: 25/33 MP: 5/5
  1960 | D:3      | Reached skill level 1 in Dodging
  1997 | D:3      | Noticed Ijyb
  2003 | D:3      | Killed Ijyb
  2330 | D:3      | Found a shattered altar of Ashenzari.
  2353 | D:3      | Noticed Natasha
  2358 | D:3      | Killed Natasha
  2358 | D:3      | Reached skill level 4 in Maces & Flails
  2358 | D:3      | Reached XP level 6. HP: 29/38 MP: 6/6
  2411 | D:3      | Found a glowing silver altar of Zin.
  2412 | D:3      | Noticed an angel
  2578 | D:3      | Noticed Natasha
  2591 | D:3      | Killed Natasha
  2904 | D:4      | Found a burning altar of Makhleb.
  2939 | D:4      | Found a hazy altar of Hepliaklqana.
  3062 | D:4      | Found a staircase to the Ecumenical Temple.
  3071 | D:4      | Reached skill level 5 in Maces & Flails
  3071 | D:4      | Reached XP level 7. HP: 39/43 MP: 7/7
  3091 | Temple   | Entered the Ecumenical Temple
  3323 | D:4      | Found an iron altar of Okawaru.
  3372 | D:4      | Became a worshipper of Warmaster Okawaru
  3581 | D:4      | Reached skill level 5 in Shields
  3966 | D:5      | Entered Level 5 of the Dungeon
  4020 | D:5      | Reached * piety under Okawaru
  4020 | D:5      | Reached skill level 6 in Maces & Flails
  4055 | D:5      | Found Tedau's Assorted Antiques.
  4192 | D:5      | Found a radiant altar of Vehumet.
  4279 | D:5      | Bought a pair of runed boots for 135 gold pieces
  4279 | D:5      | Bought a runed cloak for 135 gold pieces
  4320 | D:5      | Reached XP level 8. HP: 42/48 MP: 8/8
  4527 | D:5      | Found a bloodstained altar of Trog.
  4569 | D:5      | Noticed a wizard
  4576 | D:5      | Killed a wizard
  4806 | D:6      | Reached skill level 5 in Armour
  4813 | D:6      | Reached ** piety under Okawaru
  4840 | D:6      | Reached skill level 5 in Fighting
  4840 | D:6      | Reached skill level 7 in Maces & Flails
  4919 | D:6      | Found a runed door.
  4967 | D:6      | Noticed mg7810's ghost (novice HOFi)
  4999 | D:6      | Killed mg7810's ghost
  4999 | D:6      | Reached skill level 8 in Maces & Flails
  4999 | D:6      | Reached XP level 9. HP: 17/55 MP: 9/9
  5262 | D:6      | Noticed Menkaure
  5267 | D:6      | Killed Menkaure
  5343 | D:6      | Found Xawneko's Armour Shop.
  5693 | D:6      | Reached *** piety under Okawaru
  5907 | D:6      | Noticed Crazy Yiuf
  5916 | D:6      | Killed Crazy Yiuf
  5916 | D:6      | Reached skill level 9 in Maces & Flails
  6339 | D:7      | Found a shadowy altar of Dithmenos.
  6657 | D:8      | Noticed a two-headed ogre
  7012 | D:8      | Found a shimmering altar of Xom.
  7064 | D:8      | Reached **** piety under Okawaru
  7064 | D:8      | Reached XP level 10. HP: 50/61 MP: 10/10
  7229 | D:8      | Killed a two-headed ogre
  7229 | D:8      | Reached skill level 10 in Maces & Flails
  7229 | D:8      | Reached skill level 1 in Stealth
  8072 | D:8      | Noticed a two-headed hydra
  8080 | D:8      | Killed a two-headed hydra
  8080 | D:8      | Reached ***** piety under Okawaru
  8274 | D:8      | Received a gift from Okawaru
  8420 | D:9      | Found an ancient bone altar of Kikubaaqudgha.
  8441 | D:9      | Reached skill level 11 in Maces & Flails
  8756 | D:9      | Found a bloodstained altar of Trog.
  8798 | D:9      | Reached XP level 11. HP: 68/68 MP: 11/11
  8893 | D:9      | Found a staircase to the Orcish Mines.
  9176 | D:9      | Noticed Pikel
  9184 | D:9      | Killed Pikel
  9475 | Orc:1    | Entered Level 1 of the Orcish Mines
  9506 | D:10     | Entered Level 10 of the Dungeon
  9542 | D:10     | Reached skill level 12 in Maces & Flails
  9858 | D:10     | Received a gift from Okawaru
 10129 | D:10     | Noticed Fannar
 10176 | D:10     | Killed Fannar
 10826 | D:11     | Reached XP level 12. HP: 75/75 MP: 12/12
 10828 | D:11     | Found a staircase to the Lair.
 10896 | D:11     | Noticed Erica
 10905 | D:11     | Killed Erica
 10905 | D:11     | Reached skill level 10 in Shields
 11247 | D:11     | Noticed Josephine
 11281 | D:11     | Reached skill level 13 in Maces & Flails
 11282 | D:11     | Killed from afar by Josephine

Vault maps used:
D:1:      dpeg_arrival_prison, minmay_misc_feat_roman
D:2:      eat_drink_and_be_merry_uskayaw, nicolae_ru_path_of_blood
D:3:      zin_angel, ashenzari_conservatory_becter, first_bread,
          serial_bayou_ford_a, hangedman_decor_push, kennysheep_cross_room,
          serial_park_tiny_pond, uniq_natasha, uniq_iyjb
D:4:      old_standard_altar, lemuel_crystal_altar, lemuel_round_altar,
          minmay_temple_entry_grid
D:5:      fiery_altar_vehumet, serial_shops,
          nicolae_shop_temple_entry_statues_fountains, trog_wizard
D:6:      serial_shops, shop, uniq_menkaure, uniq_crazy_yiuf_cottage
D:7:      lemuel_crystal_altar
D:8:      xom_butterflies, hangedman_ranch
D:9:      lemuel_doored_altar, kennysheep_little_box, zombieorc1_lemuel,
          minmay_ruffians, uniq_pikel
D:10:     uniq_fannar
D:11:     lair_entry_dummy, hangedman_abyss_or_decor_stagger, uniq_josephine,
          uniq_erica
Temple:   jpeg_temple_island
Orc:1:    basic_altar

Skill      XL: |  1  2  3  4  5  6  7  8  9 10 11 12 |
---------------+-------------------------------------+-----
Maces & Flails | 3 4 5 6 8 9 11 12 13 | 13.0
Shields        | 4 5 6 7 8 9 10 | 10.2
Fighting       | 4 5 6 7 8 9 |  9.2
Dodging        | 1 2 3 |  3.5
Armour         | 4 5 6 7 8 9 |  9.0
Stealth        | 1 |  1.3

Action                   |  1- 3 |  4- 6 |  7- 9 | 10-12 || total
-------------------------+-------+-------+-------+-------++-------
Melee: Flail             |   159 |   184 |   405 |   195 ||   943
       Morningstar       |       |       |       |   452 ||   452
  Use: Potion            |       |       |       |     7 ||     7
  Eat: Chunk             |       |     7 |    13 |    14 ||    34
       Fruit             |       |       |       |     1 ||     1
Armor: Scale mail        |   106 |    74 |       |       ||   180
       Chain mail        |       |    48 |   215 |   411 ||   674
       Skin              |       |     9 |       |       ||     9
Dodge: Dodged            |    59 |    71 |    81 |   211 ||   422
Block: Shield            |    80 |   119 |   181 |   409 ||   789
